Gorbash, chaotic male orcish Rogue --------------- #-...........<.| ------------- #|.............| .`d........`| #|.............| |u@...`.)...| #--------------- |...-.---....# ## |...|.{ |...|# # |..`|{@{|`..|# # ....|.{.|...|# # |...-----...|# # |... ....|[ # |`... .....`|### # ------------- # -----# ###|...|# #.^...# ----- Gorbash the Cutpurse Experience level: 5 Strength: 13 Dexterity: 18 Constitution: 16 Intelligence: 9 Wisdom: 13 Charisma: 8 Health: 0(40) Energy: 11(11) Def: 3 Gold: 555 Moves: 3245 Dungeon seed: EM-sFrh4363ixNrp Game ID: Gorbash_1523853297 Your Inventory: Coins $ - 555 gold pieces Amulets u - an uncursed amulet of ESP (being worn) Weapons a - a +0 orcish short sword (weapon in hand) i - a cursed -1 long sword E - 7 +0 orcish daggers (in quiver) L - a +1 silver saber M - a cursed -1 elven dagger N - a +0 dagger P - a +0 orcish dagger Armor e - an uncursed +1 leather armor (being worn) q - an uncursed +0 orcish helm r - an uncursed +0 pair of jumping boots z - an uncursed +0 elven mithril-coat Y - an uncursed +0 dwarvish cloak Scrolls O - an uncursed scroll of identify Potions c - an uncursed potion of sickness H - an uncursed potion of oil R - a blessed potion of acid Rings F - an uncursed ring of shock resistance Tools d - an uncursed lock pick f - an uncursed sack y - an uncursed oil lamp (0:1351) I - an uncursed leash Q - an uncursed skeleton key Gems n - an uncursed worthless piece of violet glass Contents of the sack: 133 gold pieces Spells and supernatural/magical abilities: Name Level Category Fail Memory W - pray for help -- divine ? -- Your skills at the end: Fighting Skills Weapon Skills dagger [Basic] short sword [Basic] Spellcasting Skills Final Attributes: You were piously aligned. You were poison resistant. You were telepathic. You had infravision. You were stealthy. You are dead. Vanquished creatures: a plains centaur 2 rock piercers a fog cloud a shrieker an elf zombie a floating eye a hill orc a giant bat a wererat an acid blob a gas spore 2 hobbits a large kobold 2 hobgoblins 4 giant rats a brown mold a gnome 7 geckos 12 jackals a kobold 3 goblins 4 sewer rats 6 grid bugs 3 bats 4 lichens 2 kobold zombies 4 newts 69 creatures vanquished. Voluntary challenges: You had been an atheist until turn 2658. You used a wielded weapon 46 times, starting on turn 75. You read items or engraved 62 times, starting on turn 2188. You never genocided any monsters. You never polymorphed an object. You never changed form. You used no wishes. You never split a pudding. You wrote Elbereth's name 59 times, starting on turn 2188. You violated your moral code, losing 20 points of alignment, starting on turn 1747. Dungeon overview: The Dungeons of Doom: levels 1 to 7 Level 1 a long staircase Level 2 a general store, a fountain a long staircase Level 3 a fountain Level 4 a fountain, a sink Level 5 Level 6 Level 7 <- You were here many fountains History has recorded: On T:1 you entered the Dungeons of Doom to retrieve the Amulet of Yendor! On T:377 you reached level 2 of The Dungeons of Doom. On T:828 you reached level 3 of The Dungeons of Doom. On T:869 you advanced to experience level 2. On T:1370 you reached level 4 of The Dungeons of Doom. On T:1748 you advanced to experience level 3. On T:2228 you advanced to experience level 4. On T:2399 you reached level 5 of The Dungeons of Doom. On T:2743 you reached level 6 of The Dungeons of Doom. On T:2936 you advanced to experience level 5. On T:3078 you reached level 7 of The Dungeons of Doom. Score breakdown: Gold: 688 ( 9654 points) Experience: 5 levels (11141 points) Exploration: 7 levels ( 13.73%) (10392 points) Discoveries: 3 items ( 1.05%) ( 3067 points) Valuables value: (no points given unless you survive) Artifact value: 0 ( 0 points) Variety of kills: 27 monsters ( 7.09%) ( 7986 points) Turncount: 3245 turns ( -715 points) Survival: died (score multiplied by 80%) Total score: 33220 Latest messages: You see here a statue of a plains centaur. You hit the pony. The pony kicks! The pony bites! The pony kicks! The pony bites! You miss the pony. The pony kicks! The pony bites! You write in the dust with your fingers. The pony turns to flee! E - 7 +0 orcish daggers (in quiver). There are a few more objects here. This plains centaur corpse tastes terrible! You don't feel so weak now. You stop eating. The pony kicks! The pony bites! You write in the dust with your fingers. Ripslash, the Murderficator bites the pony. The pony hits Ripslash, the Murderficator. The pony misses Ripslash, the Murderficator. The pony kicks! You die... Final status: Goodbye Gorbash the Rogue, killed by a pony... You died in The Dungeons of Doom on dungeon level 7 with 33220 points, and 688 pieces of gold, after 3245 moves. You were level 5 with a maximum of 40 hit points when you died.